 Dungeon Crawl Stone Soup version 0.29-a0-352-g0917bc69df (webtiles) character file.

Game seed: 10401981738384954545

4252 Colgate the Slicer (level 10, -2/60 HPs)
             Began as a Kobold Brigand on Apr 24, 2022.
             Was an Elder of Hepliaklqana.
             Slain by an orc warrior
             ... wielding a +0 war axe
              (3 damage)
             ... in a bailey.
             The game lasted 00:31:48 (9949 turns).

Colgate the Slicer (Kobold Brigand)                 Turns: 9949, Time: 00:31:49

Health: -2/60      AC: 10    Str:  9    XL:     10   Next: 56%
Magic:  0/14       EV: 12    Int: 13    God:    Hepliaklqana [****..]
Gold:   255        SH:  0    Dex: 20    Spells: 9/9 levels left

rFire   . . .      SeeInvis .   b - +3 rapier (drain)
rCold   + . .      Faith    .   (no shield)
rNeg    . . .      Spirit   +   s - +2 scale mail {Will+}
rPois   .          Reflect  .   (no helmet)
rElec   .          Harm     .   c - +0 cloak
rCorr   .          Rampage  .   L - +0 pair of gloves
Will    +....                   (no boots)
Stlth   ++++......              K - amulet of guardian spirit
HPRegen 0.20/turn               p - ring of protection from fire
MPRegen 0.14/turn               z - ring of ice

@: no status effects
A: reduced essence, small, no large weapons, nightstalker 3
a: Renounce Religion, Recall Ancestor, Ancestor Identity, Transference, Idealise


You were in a bailey.
You worshipped Hepliaklqana.
Hepliaklqana was greatly pleased with you.
You visited 2 branches of the dungeon, and saw 9 of its levels.
You also visited: Bailey.

You collected 255 gold pieces.

Inventory:

Hand Weapons
 a - a +2 dagger of speed
 b - a +3 rapier of draining (weapon)
Missiles
 d - 33 poisoned darts (quivered)
 e - 14 curare-tipped darts
 Q - 4 datura-tipped darts
Armour
 c - a +0 cloak (worn)
 l - a +0 leather armour
 m - a +0 chain mail
 s - a +2 scale mail of willpower (worn)
 A - a +0 robe
 H - a +0 ring mail
 L - a +0 pair of gloves (worn)
 O - a +0 plate armour
Jewellery
 f - a ring of ice
 g - an amulet of the acrobat
 p - a ring of protection from fire (left hand)
 q - an amulet of reflection
 z - a ring of ice (right hand)
 K - an amulet of guardian spirit (around neck)
Wands
 y - a wand of paralysis (5)
 G - a wand of digging (1) {@v3}
 P - a wand of flame (23)
Scrolls
 h - a scroll of vulnerability {unknown}
 o - a scroll of fog {unknown}
 v - a scroll of torment {unknown}
 B - a scroll of holy word {unknown}
 D - a scroll of brand weapon {unknown}
 F - 4 scrolls of fear {unknown}
 J - 2 scrolls of teleportation {@r3}
 M - a scroll of silence {unknown}
Potions
 i - a potion of attraction {unknown}
 j - 4 potions of degeneration
 k - a potion of might {unknown}
 n - a potion of cancellation {unknown}
 r - 3 potions of magic
 u - 3 potions of haste {@q4}
 w - a potion of mutation {unknown}
 x - a potion of brilliance {unknown}
 C - 2 potions of lignification {unknown}
 E - a potion of invisibility {unknown}
 I - a potion of curing {@q1}
 N - a potion of heal wounds {unknown}
Miscellaneous
 t - a phial of floods
 R - a phantom mirror


   Skills:
 - Level 9.7 Fighting
 + Level 10.3 Short Blades
 - Level 2.1 Throwing
 - Level 5.4 Dodging
 - Level 8.5 Stealth
 - Level 5.6 Invocations
 - Level 4.0 Evocations


You had 9 spell levels left.
You didn't know any spells.
Your spell library contained the following spells:

 Spells                   Type           Power      Damage    Failure   Level
 Beastly Appendage        Tmut           0%         N/A       95%         1
 Summon Small Mammal      Summ           0%         N/A       95%         1
 Wereblood                Tmut           0%         N/A       99%         2
 Call Canine Familiar     Summ           0%         N/A       100%        3
 Gell's Gravitas          Tloc           0%         N/A       100%        3
 Ignite Poison            Fire/Tmut/Pois 0%         N/A       100%        3
 Lesser Beckoning         Tloc           0%         N/A       100%        3
 Mephitic Cloud           Conj/Pois/Air  0%         N/A       100%        3
 Spider Form              Tmut/Pois      0%         N/A       100%        3
 Summon Guardian Golem    Hex/Summ       0%         N/A       100%        3
 Teleport Other           Tloc           0%         N/A       100%        3
 Freezing Cloud           Conj/Ice/Air   0%         6-21      100%        5


Dungeon Overview and Level Annotations

Branches:
Dungeon (8/15)             Temple (1/1) D:5            Lair (0/6) D:8
 Bailey (1/1)

Altars:
Ashenzari
Cheibriados
Dithmenos
Gozag
Hepliaklqana
Kikubaaqudgha
Nemelex Xobeh
Okawaru
Qazlal
Trog
Uskayaw
Vehumet
Xom
Yredelemnul
Zin
The Shining One

Shops:
D:3 =


Innate Abilities, Weirdness & Mutations

Your life essence is reduced to manifest your ancestor. (-10% HP)
You are small and have problems with some larger weapons.
You are completely attuned to the shadows.


Message History

The orc warrior barely misses you.
You feel sick.
You feel sick.
The orc warrior hits you with a +0 war axe.
There is an open door here.
The kobold brigand attacks as you move away!
The kobold brigand hits you with a +0 war axe!
The orc warrior attacks as you move away!
The orc warrior closely misses you.
You feel sick.
You puncture the orc warrior!
You feel sick.
You hit the orc warrior. You drain the orc warrior.
You feel sick.
The orc warrior hits you with a +0 war axe.
You closely miss the orc warrior.
The orc warrior hits you with a +0 war axe.
You hit the orc warrior.
You feel sick.
You hit the orc warrior but do no damage.
You feel sick.
The orc warrior hits you with a +0 war axe!
* * * LOW HITPOINT WARNING * * *
You hit the orc warrior.
You kill the orc warrior!
You feel sick.
You are no longer poisoned.
You barely miss the kobold brigand. You puncture the kobold brigand!
You drain the kobold brigand.
The kobold brigand hits you but does no damage.
You puncture the kobold brigand!
You kill the kobold brigand!
You puncture the orc warrior! The orc warrior barely misses you.
You hit the orc warrior. You closely miss the orc warrior.
You puncture the orc warrior! You drain the orc warrior.
The orc warrior barely misses you.
The orc warrior hits you with a +0 war axe!
* * * LOW HITPOINT WARNING * * *
You barely miss the orc warrior. You barely miss the orc warrior.
The orc warrior hits you with a +0 war axe!
* * * LOW HITPOINT WARNING * * *
The orc warrior hits you with a +0 war axe.
You die...

.........
..........
..........
......)...
.........#
##...####
###o###
##.@o..##
#...8...#
#∩.....∩#
##.....##
####'''##
##≈.......
#####≈≈.......
#....≈≈.......
#.###≈≈.......


You could see 2 orc warriors.

Vanquished Creatures
  The ghost of ang3lsp1der the Protected, a journeyman MiFi of Gozag (D:7)
  Menkaure (D:7)
  2 water moccasins
  2 ice beasts
  A sky beast (D:7)
  3 orc warriors
  A black bear (D:5)
  2 centaurs
  A phantom (D:5)
  4 kobold brigands (Bailey)
  2 bullfrogs
  2 scorpions
  4 wights (D:6)
  An orc priest (D:6)
  4 hounds
  An iguana (D:6)
  A gnoll shaman (D:4)
  Terence (D:2)
  2 orc wizards
  2 gnolls
  An adder (D:4)
  A white imp (D:6)
  2 ufetubi
  A worm (D:3)
  3 dart slugs
  9 orcs
  9 bats
  8 endoplasms
  3 giant cockroaches
  11 goblins
  8 hobgoblins
  4 jackals
  14 kobolds
  5 quokkas
  6 ball pythons
  6 frilled lizards
  9 rats
138 creatures vanquished.

Vanquished Creatures (collateral kills)
  An ugly thing (D:6)
  A black bear (D:6)
  An orc warrior (Bailey)
  A phantom (D:4)
  2 kobold brigands
  A bullfrog (D:4)
  4 scorpions
  A wight (D:6)
  2 orc wizards (D:5)
  4 gnolls (D:4)
  An adder (D:6)
  An ufetubus (D:4)
  5 orcs
  A ball python (D:3)
  2 bats (D:3)
  An endoplasm (D:2)
  A giant cockroach (D:2)
  A goblin (D:3)
  A hobgoblin (D:3)
  A jackal (D:2)
  A quokka (D:2)
  9 kobolds
43 creatures vanquished.

Vanquished Creatures (others)
  3 hexers
  2 plants (D:2)
5 creatures vanquished.

Grand Total: 186 creatures vanquished

Notes
Turn   | Place    | Note
-------+----------+-------------------------------------------
     0 | D:1      | Colgate the Kobold Brigand began the quest for the Orb.
     0 | D:1      | Reached XP level 1. HP: 12/12 MP: 1/1
    13 | D:1      | Reached skill level 3 in Short Blades
   202 | D:1      | Reached XP level 2. HP: 17/17 MP: 2/2
   287 | D:1      | Reached skill level 4 in Short Blades
   497 | D:1      | Reached XP level 3. HP: 17/21 MP: 3/3
  1287 | D:1      | Reached skill level 5 in Short Blades
  1294 | D:1      | Found a faded altar of an unknown god.
  1299 | D:1      | Prayed at the altar of an unknown god.
  1299 | D:1      | Became a worshipper of Hepliaklqana the Forgotten
  1299 | D:1      | Reached * piety under Hepliaklqana
  1434 | D:2      | Reached XP level 4. HP: 18/23 MP: 4/4
  1790 | D:2      | Noticed Terence
  1794 | D:2      | Killed Terence
  1795 | D:2      | Reached skill level 6 in Short Blades
  1882 | D:2      | Reached XP level 5. HP: 23/27 MP: 5/5
  2115 | D:2      | Reached ** piety under Hepliaklqana
  2129 | D:2      | Remembered your ancestor Nozipho as a hexer
  2230 | D:3      | Found Minuisaz's Jewellery Emporium.
  2386 | D:3      | Found a bloodstained altar of Trog.
  2874 | D:3      | Noticed a water moccasin
  2879 | D:3      | Killed a water moccasin
  2880 | D:3      | Reached XP level 6. HP: 29/35 MP: 6/6
  3211 | D:4      | Reached skill level 1 in Evocations
  3483 | D:4      | Reached skill level 7 in Short Blades
  3635 | D:4      | Reached XP level 7. HP: 39/39 MP: 7/7
  3941 | D:4      | Reached *** piety under Hepliaklqana
  3960 | D:4      | Reached skill level 8 in Short Blades
  4809 | D:5      | Entered Level 5 of the Dungeon
  4809 | D:5      | Noticed a water moccasin
  4819 | D:5      | Killed a water moccasin
  4820 | D:5      | Reached XP level 8. HP: 36/43 MP: 6/9
  5006 | D:5      | Found an opulent altar of Gozag.
  5355 | D:5      | Found an iron altar of Okawaru.
  5466 | D:5      | Reached skill level 5 in Dodging
  5495 | D:5      | Found a staircase to the Ecumenical Temple.
  5503 | Temple   | Entered the Ecumenical Temple
  6332 | D:5      | Found a glowing silver altar of Zin.
  6356 | D:5      | Found a basalt altar of Yredelemnul.
  6470 | D:6      | Reached skill level 5 in Fighting
  6482 | D:6      | Reached XP level 9. HP: 49/49 MP: 10/10
  6533 | D:5      | Found an opulent altar of Gozag.
  6855 | D:5      | Found a glowing silver altar of Zin.
  6880 | D:5      | Found a basalt altar of Yredelemnul.
  6963 | D:5      | Found a staircase to the Ecumenical Temple.
  7036 | D:5      | Found an iron altar of Okawaru.
  8111 | D:6      | Noticed a green ugly thing
  8126 | D:6      | Killed a green ugly thing
  8603 | D:6      | Reached **** piety under Hepliaklqana
  8617 | D:6      | Reached skill level 9 in Short Blades
  8807 | D:7      | Noticed Menkaure
  8810 | D:7      | Killed Menkaure
  8811 | D:7      | Reached XP level 10. HP: 60/60 MP: 11/11
  9078 | D:7      | Found a large runed translucent door.
  9079 | D:7      | Found a large runed translucent door.
  9082 | D:7      | Reached skill level 10 in Short Blades
  9486 | D:7      | Noticed ang3lsp1der's ghost (journeyman MiFi)
  9499 | D:7      | Killed ang3lsp1der's ghost
  9500 | D:7      | Reached skill level 5 in Invocations
  9655 | D:8      | Found a flagged portal.
  9667 | Bailey   | Entered a bailey
  9949 | Bailey   | HP: 1/60 [orc warrior/+0 war axe (5)]
  9949 | Bailey   | Slain by an orc warrior

Illustrated notes

Levels and vault maps discovered:
D:1:      dpeg_arrival_arbitrary_c, layout_loops_ring,
          shapermc_ecumenical_altar_petra, minivault_26, minmay_misc_feat_alley,
          grunt_decor_one_mirror, minmay_misc_feat_plants, minmay_ruptured
D:2:      layout_rooms, minmay_misc_feat_diagonals, serial_bayou_crossing,
          uniq_terence
D:3:      minmay_recursive_quarters, layout_loops_ring, lemuel_crystal_altar,
          serial_shops, nicolae_shop_advertising_works
          [nicolae_subvault_shop_adworks], minmay_misc_feat_ornament
D:4:      layout_gridville
D:5:      layout_loops_corners, pdpol_temple_overflow_zin_treasury_gozag_greed,
          okawaru_ov_weapons_minmay, nicolae_overflow_hidden_temple,
          minmay_temple_entry_statues_pillars
D:6:      layout_cave_pools, minmay_misc_feat_room, minmay_misc_feat_encased
D:7:      layout_loops_ring, ebering_ghost_disaster_area, uniq_menkaure
D:8:      layout_loops_ring, mainiacjoe_overflow_paths,
          mainiacjoe_overflow_brackets, mainiacjoe_overflow_24_doors,
          david_lair_generic, enter_bailey_3, uniq_maurice, uniq_erica,
          uniq_prince_ribbit1
Temple:   zaba_magenta_temple
Bailey:   bailey_axe_3, bailey

Skill      XL: |  1  2  3  4  5  6  7  8  9 10 |
---------------+-------------------------------+-----
Short Blades   | 3 4 5 6 7 8 9 10 | 10.3
Stealth        | 6 8 |  8.5
Fighting       | 4 5 9 |  9.7
Evocations     | 1 4 |  4.0
Invocations    | 2 5 |  5.6
Dodging        | 2 5 |  5.4
Throwing       | |  2.1

Action                   |  1- 3 |  4- 6 |  7- 9 | 10-12 || total
-------------------------+-------+-------+-------+-------++-------
Melee: Dagger            |    83 |   120 |   268 |    56 ||   527
       Rapier            |       |     2 |       |    15 ||    17
       Punch             |       |       |     6 |       ||     6
Throw: Dart              |       |       |       |    25 ||    25
Invok: Ancestor Life: He |       |     1 |       |       ||     1
       Transference      |       |       |     2 |       ||     2
       Idealise          |       |       |       |     1 ||     1
  Use: Scroll            |       |       |     7 |     1 ||     8
 Stab: Sleeping          |    13 |    25 |    14 |     5 ||    57
       Confused          |       |     4 |     4 |     3 ||    11
       Distracted        |       |       |     1 |     1 ||     2
Armor: Robe              |    15 |     2 |       |       ||    17
       Scale mail        |       |    11 |    45 |    11 ||    67
Dodge: Dodged            |    69 |    32 |    65 |    19 ||   185
Block: Other             |       |     8 |    19 |       ||    27

Table legend: (Time is in decaauts)
 A = Elapsed time spent in this place.
 B = Non-inter-level travel time spent in this place.
 C = Inter-level travel time spent in this place.
 D = Time resting spent in this place.
 E = Time spent auto-exploring this place.
 F = Levels seen in this place.
 G = Mean time per level.
                   A        B        C        D        E       F      G
               +--------+--------+--------+--------+--------+-----+--------+
         Total |   9673 |   9345 |    328 |     81 |   7996 |  10 |  967.3 |
       Dungeon |   9327 |   9005 |    322 |     81 |   7757 |   8 | 1165.9 |
        Temple |     90 |     84 |      6 |      0 |     76 |   1 |   90.0 |
        Bailey |    255 |    255 |      0 |      0 |    163 |   1 |  255.0 |
               +--------+--------+--------+--------+--------+-----+--------+

Top non-repeatable levels by time:
     D:5: 2563 daAuts
     D:4: 1489 daAuts
     D:1: 1351 daAuts
     D:6: 1196 daAuts
     D:3: 1033 daAuts
     D:7: 840 daAuts
     D:2: 839 daAuts
  Bailey: 255 daAuts
  Temple: 90 daAuts
     D:8: 15 daAuts
